 Dungeon Crawl Stone Soup version 0.20-a0-1116-gaa52201 (webtiles) character file.

14600 Monsterracer the Martial Artist (level 12, -2/115 (116) HPs)
             Began as a Barachi Transmuter on May 8, 2017.
             Was a High Priest of Cheibriados.
             Slain by an eight-headed hydra (12 damage)
             ... on level 1 of the Lair of Beasts.
             The game lasted 00:57:30 (14534 turns).

Monsterracer the Martial Artist (BaTm)             Turns: 14534, Time: 00:57:31

HP:   -2/115 (116)  AC:  7    Str: 26    XL:     12   Next: 18%
MP:   10/16         EV: 17    Int: 31    God:    Cheibriados [*****.]
Gold: 658           SH:  0    Dex: 27    Spells: 0/17 levels left

rFire    x . .     SeeInvis +     - Unarmed
rCold    + + +     Gourm    .   (shield currently unavailable)
rNeg     + . .     Faith    .   (armour currently unavailable)
rPois    +         Spirit   .   (helmet currently unavailable)
rElec    .         Reflect  .   (cloak currently unavailable)
rCorr    .         Harm     .   (gloves currently unavailable)
MR       .....                  (boots currently unavailable)
Stlth    ++........             (no amulet)
Regen    1.3/turn               q - ring of Scepticism {Wiz rN+ SInv}
MPRegen  0.2/turn               m - ring of poison resistance

@: ice-form, regenerating (expiring), very slow
A: +LOS, swims, blink, strong 1
a: End Transformation, Blink, Bend Time, Temporal Distortion, Slouch, Step From
Time, Renounce Religion


You were on level 1 of the Lair of Beasts.
You worshipped Cheibriados.
Cheibriados was extremely pleased with you.
You were hungry.
You were a creature of crystalline ice.
You visited 3 branches of the dungeon, and saw 13 of its levels.
You also visited: Volcano.

You collected 658 gold pieces.

Inventory:

Armour
 b - a +2 pair of gloves (melded)
 i - a +0 troll leather armour
 p - a +2 robe of magic resistance (melded)
 s - a +0 cloak (melded)
Jewellery
 j - a +3 ring of protection
 l - an uncursed ring of protection from fire
 m - a ring of poison resistance (right front paw)
 q - the ring of Scepticism (left front paw) {Wiz rN+ SInv}
   (You found it on level 5 of the Dungeon)

   [ring of wizardry]

   It improves your spell success rate.
   It protects you from negative energy.
   It lets you see invisible.
Wands
 a - a wand of flame (48/48)
 e - a wand of flame (31/48)
 o - a wand of polymorph (18/24)
 w - a wand of scattershot (7/9)
 z - a wand of digging (15/24)
 C - a wand of digging (8/24)
Scrolls
 g - 8 scrolls of teleportation {unknown}
 k - 2 scrolls of remove curse
 u - 2 scrolls of enchant armour
 y - 2 scrolls of identify
Potions
 r - a potion of flight
 t - 2 potions of heal wounds
 x - 2 potions of curing
 A - 3 potions of agility
 B - 2 potions of ambrosia
Books
 c - a book of Battle

   Spells                             Type                      Level
   a - Infusion                       Charms                       1
   b - Shroud of Golubria             Charms/Translocation         2
   c - Song of Slaying                Charms                       2
   d - Spectral Weapon                Hexes/Charms                 3
   e - Regeneration                   Charms/Necromancy            3
Comestibles
 d - 9 bread rations
 f - 10 meat rations
 h - 8 royal jellies
 n - 2 chunks of flesh
 v - 18 fruits


   Skills:
 + Level 10.0 Fighting
 + Level 3.7 Armour
 + Level 7.4 Dodging
 * Level 13.1 Unarmed Combat
 - Level 3.0 Spellcasting
 + Level 1.2 Charms
 + Level 9.1 Transmutations
 + Level 5.9 Invocations


You couldn't memorise any spells.
You knew the following spells:

 Your Spells              Type           Power        Failure   Level  Hunger
a - Song of Slaying       Chrm           ##......     2%          2    #......
b - Spider Form           Tmut/Pois      ####......   1%          3    ##.....
c - Blade Hands           Tmut           ######....   1%          5    ######.
d - Ice Form              Ice/Tmut       ####....     4%          4    ####...
e - Regeneration          Chrm/Necr      #.........   6%          3    ##.....


Dungeon Overview and Level Annotations

Branches:
Dungeon (10/15)            Temple (1/1) D:5            Lair (2/6) D:8
  Swamp: Lair:2-4    Shoals: Lair:2-4     Snake: Lair:2-4    Spider: Lair:2-4
    Orc: D:9-12

Altars:
Ashenzari
Cheibriados
Dithmenos
Elyvilon
Fedhas
Gozag
Hepliaklqana
Kikubaaqudgha
Makhleb
Nemelex Xobeh
Okawaru
Qazlal
Ru
Sif Muna
Trog
Uskayaw
Vehumet
Wu Jian
Xom
Yredelemnul
Zin
The Shining One

Shops:
D:6 }   D:9 *


Innate Abilities, Weirdness & Mutations

Shadows flee at your approach. (+LOS)
You can swim through water.
((You cover ground slowly.))
((You can hop short distances.))
((You are partially covered in thin metallic scales. (AC +2)))
You can translocate small distances at will.
Your muscles are strong. (Str +2)


Message History

The eight-headed hydra is heavily wounded.
Your skin is crawling a little less now.
You punch the eight-headed hydra! You freeze the eight-headed hydra.
The eight-headed hydra is severely wounded.
You punch the eight-headed hydra!
The eight-headed hydra seems to slow down.
You freeze the eight-headed hydra.
The eight-headed hydra is almost dead.
The eight-headed hydra bites you! The eight-headed hydra bites you.
The eight-headed hydra closely misses you.
The eight-headed hydra bites you!
* * * LOW HITPOINT WARNING * * *
The eight-headed hydra bites you!
* * * LOW HITPOINT WARNING * * *
The eight-headed hydra bites you!
* * * LOW HITPOINT WARNING * * *
The eight-headed hydra bites you.
* * * LOW HITPOINT WARNING * * *
The eight-headed hydra bites you!
You die...

#...>.## #......# ##...### #...#
#....# #...### .....# ###...#.#
#####..... ####.......##
##########.........
.#.P........###..................
...............DY...(............
.................................
...........F.....................
.#.#.......###.........÷.........
####.......# ########.###........
###....## ### ####...†. #....##
##....# #P...# #.....# ##...###
#P....#


You could see an eight-headed hydra and a spiny frog.

Vanquished Creatures
  2 hydras
  The ghost of Yermak the Cleaver, a novice TeBe of Trog (D:8)
  A lindwurm (Lair:2)
  A black mamba (Lair:2)
  3 spiny frogs
  A centaur skeleton (D:10)
  A komodo dragon (Lair:1)
  4 trolls
  A hornet (D:9)
  Grinder (D:4)
  4 hippogriffs
  2 dream sheep (D:8)
  A flying skull (Volcano)
  3 blink frogs (Lair:2)
  Sigmund (D:4)
  A wyvern (D:10)
  2 yaks (D:8)
  Grum (D:8)
  A basilisk (Lair:1)
  5 water moccasins
  4 porcupines
  Duvessa (D:5)
  An acid dragon (D:10)
  2 ice beasts
  An orc warrior (D:9)
  2 black bears
  An eye of draining (D:10)
  A phantom (D:9)
  2 sky beasts
  3 centaurs
  3 necrophages
  11 wolves
  5 ogres
  2 crocodiles (Lair:1)
  5 big kobolds
  2 bullfrogs
  3 wyvern zombies
  Dowan (D:5)
  2 scorpions
  3 killer bees (D:9)
  7 wights
  6 howler monkeys
  4 crimson imps
  A bullfrog zombie (D:10)
  A quasit (D:9)
  2 human zombies (D:8)
  A jelly (D:6)
  4 orc priests
  A hound (D:4)
  A centaur zombie (D:6)
  2 bullfrog skeletons
  8 orc wizards
  8 worker ants
  2 hound zombies
  A hound skeleton (D:8)
  3 mummies (D:8)
  5 gnolls
  3 howler monkey skeletons
  14 adders
  An ooze (D:3)
  An adder skeleton (D:8)
  An adder zombie (D:8)
  3 worms
  2 dart slugs
  3 leopard geckos
  26 orcs
  7 giant cockroaches
  7 goblins
  9 hobgoblins
  17 jackals
  4 quokkas
  13 bats
  A frilled lizard (D:1)
  A giant cockroach zombie (D:5)
  23 kobolds
  4 orc zombies (D:8)
  3 quokka skeletons
  A quokka zombie (D:5)
  7 rats
300 creatures vanquished.

Vanquished Creatures (collateral kills)
  A bullfrog (D:8)
  A scorpion (D:8)
  A jackal (D:8)
  A kobold (D:8)
4 creatures vanquished.

Vanquished Creatures (others)
  4 plants (D:8)
4 creatures vanquished.

Grand Total: 308 creatures vanquished

Notes
Turn   | Place    | Note
-------+----------+-------------------------------------------
     0 | D:1      | Monsterracer the Barachi Transmuter began the quest for the Orb.
     0 | D:1      | Reached XP level 1. HP: 15/15 MP: 3/3
   290 | D:1      | Reached XP level 2. HP: 6/21 MP: 3/5
   708 | D:1      | Reached skill level 4 in Unarmed Combat
   719 | D:1      | Learned a level 2 spell: Sticks to Snakes
  1160 | D:1      | Reached XP level 3. HP: 24/26 MP: 4/6
  1257 | D:1      | Learned a level 3 spell: Spider Form
  1413 | D:2      | Reached skill level 5 in Unarmed Combat
  1670 | D:2      | Gained mutation: Your muscles are strong. (Str +2) [potion of mutation]
  1670 | D:2      | Gained mutation: You are partially covered in thin metallic scales. (AC +2) [potion of mutation]
  1670 | D:2      | Gained mutation: You can translocate small distances at will. [potion of mutation]
  1747 | D:2      | Reached XP level 4. HP: 29/32 MP: 5/7
  2918 | D:3      | Reached XP level 5. HP: 35/38 MP: 6/8
  3196 | D:3      | Reached skill level 6 in Unarmed Combat
  3205 | D:3      | Reached XP level 6. HP: 42/46 MP: 3/9
  3501 | D:3      | Found a stormy altar of Qazlal.
  3535 | D:3      | Found a blossoming altar of Fedhas.
  3596 | D:3      | Found a sacrificial altar of Ru.
  3714 | D:3      | Found a faded altar of an unknown god.
  3921 | D:4      | Noticed Sigmund
  3931 | D:4      | Killed Sigmund
  4076 | D:4      | Noticed Grinder
  4076 | D:4      | Paralysed by Grinder for 7 turns
  4090 | D:4      | Paralysed by Grinder for 7 turns
  4098 | D:4      | Killed Grinder
  4098 | D:4      | Reached skill level 7 in Unarmed Combat
  4098 | D:4      | Reached XP level 7. HP: 13/54 MP: 7/10
  5008 | D:5      | Entered Level 5 of the Dungeon
  5033 | D:5      | Noticed Duvessa
  5053 | D:5      | Killed Duvessa
  5053 | D:5      | Reached skill level 8 in Unarmed Combat
  5139 | D:5      | Noticed Dowan
  5398 | D:5      | Killed Dowan
  5398 | D:5      | Reached XP level 8. HP: 58/61 MP: 9/11
  5445 | D:5      | Found a staircase to the Ecumenical Temple.
  5454 | Temple   | Entered the Ecumenical Temple
  5504 | Temple   | Became a worshipper of Cheibriados the Contemplative
  5621 | D:5      | Reached skill level 5 in Transmutations
  5631 | D:5      | Learned a level 5 spell: Blade Hands
  5821 | D:5      | Reached skill level 5 in Fighting
  5879 | D:5      | Found a shimmering altar of Xom.
  5881 | D:5      | Got a wavering bone ring
  5883 | D:5      | Identified the ring of Scepticism {Wiz rN+ SInv} (You found it on level 5 of the Dungeon)
  6387 | D:6      | Reached * piety under Cheibriados
  6790 | D:6      | Reached skill level 9 in Unarmed Combat
  6790 | D:6      | Reached skill level 1 in Invocations
  7001 | D:6      | Reached XP level 9. HP: 69/69 MP: 8/12
  7372 | D:6      | Found Qefaevit's Gadget Shop.
  8016 | D:7      | Reached ** piety under Cheibriados
  8158 | D:7      | Reached skill level 10 in Unarmed Combat
  8444 | D:7      | Found an ancient bone altar of Kikubaaqudgha.
  8446 | D:7      | Found a bloodstained altar of Trog.
  8448 | D:7      | Found a shattered altar of Ashenzari.
  9056 | D:8      | Reached *** piety under Cheibriados
  9060 | D:8      | Found an ancient bone altar of Kikubaaqudgha.
  9169 | D:8      | Reached XP level 10. HP: 68/78 MP: 7/13
  9239 | D:8      | Noticed Yermak's ghost (novice TeBe)
  9243 | D:8      | Noticed Grum
  9245 | D:8      | Killed Yermak's ghost
  9246 | D:8      | Reached skill level 11 in Unarmed Combat
  9253 | D:8      | Killed Grum
  9453 | D:8      | Learned a level 4 spell: Ice Form
  9580 | D:8      | Reached skill level 5 in Dodging
  9600 | D:8      | Noticed a two-headed hydra
  9601 | D:8      | Reached **** piety under Cheibriados
  9610 | D:8      | Killed a two-headed hydra
  9916 | D:8      | Found a staircase to the Lair.
 10334 | D:9      | Reached XP level 11. HP: 86/86 MP: 9/14
 10405 | D:9      | Noticed a seven-headed hydra
 10412 | D:9      | Killed a seven-headed hydra
 10412 | D:9      | Reached skill level 12 in Unarmed Combat
 10663 | D:9      | Learned a level 2 spell: Song of Slaying
 10682 | D:9      | Found Neicruo's General Store.
 11093 | D:9      | Found a shadowy altar of Dithmenos.
 11218 | D:9      | Reached skill level 5 in Invocations
 11569 | D:9      | Reached ***** piety under Cheibriados
 11895 | D:10     | Entered Level 10 of the Dungeon
 11939 | D:10     | Found an iron altar of Okawaru.
 12512 | D:10     | Noticed a cyclops
 12523 | D:10     | Reached skill level 1 in Charms
 12866 | Lair:1   | Entered Level 1 of the Lair of Beasts
 13076 | Lair:1   | Reached skill level 1 in Armour
 13351 | Lair:1   | Noticed an eight-headed hydra
 13549 | Lair:2   | Reached XP level 12. HP: 61/96 MP: 9/16
 13633 | Lair:2   | Found a dark tunnel.
 13782 | Volcano  | Entered a volcano
 14132 | Lair:2   | Learned a level 3 spell: Regeneration
 14149 | Lair:2   | Reached skill level 13 in Unarmed Combat
 14254 | Lair:1   | Reached skill level 10 in Fighting
 14534 | Lair:1   | Slain by an eight-headed hydra

Vault maps used:
D:1:      dpeg_arrival_houses_and_road, kennysheep_minor_cross
D:3:      grunt_temple_overflow_forces_of_nature,
          nicolae_ru_the_path_less_chosen, chequers_ecumenical_altar_simple
D:4:      uniq_grinder, uniq_sigmund
D:5:      kennysheep_little_box, minmay_temple_entry_poolview, first_bread,
          uniq_duvessa
D:6:      serial_shops, shop_fountains
D:7:      grunt_temple_overflow_open
D:8:      lair_entry_dummy, hangedman_ranch,
          lemuel_mausoleum_altar_kikubaaqudgha, uniq_grum
D:9:      nicolae_dithmenos_through_a_glass_darkly, serial_shops, shop,
          grunt_decor_clamped
D:10:     cheibrodos_fzero, grunt_ministairs_7, okawaru_trees_2
Temple:   jpeg_temple_clearing
Lair:1:   minmay_lair_oklob_chamber
Lair:2:   minmay_snake_entry_six_corridors, nicolae_volcano_entry_vermiform
Volcano:  volcano_tomb

Skill      XL: |  1  2  3  4  5  6  7  8  9 10 11 12 |
---------------+-------------------------------------+-----
Unarmed Combat | 4 5 6 7 8 9 10 11 12 13 | 13.1
Fighting       | 2 4 5 7 8 9 10 | 10.0
Transmutations | 3 4 6 7 8 9 |  9.1
Invocations    | 1 3 4 5 |  5.9
Dodging        | 3 4 5 7 |  7.4
Spellcasting   | 3 |  3.0
Charms         | 1 |  1.2
Armour         | 3 |  3.7

Action                   |  1- 3 |  4- 6 |  7- 9 | 10-12 || total
-------------------------+-------+-------+-------+-------++-------
Melee: Unarmed           |   124 |   231 |   337 |   336 ||  1028
       Headbutt          |     5 |     7 |    23 |     6 ||    41
       Kick              |     3 |    15 |    13 |    20 ||    51
       Punch             |     2 |     4 |    12 |    14 ||    32
 Cast: Beastly Appendage |    15 |    17 |    19 |     7 ||    58
       Sticks to Snakes  |     2 |     4 |       |       ||     6
       Spider Form       |       |     3 |    11 |     9 ||    23
       Blade Hands       |       |       |     8 |    15 ||    23
       Ice Form          |       |       |       |    10 ||    10
       Song of Slaying   |       |       |       |    12 ||    12
       Regeneration      |       |       |       |     1 ||     1
Invok: Bend Time         |       |       |       |     1 ||     1
 Abil: Hop               |     1 |     1 |     2 |     4 ||     8
       Blink             |       |     1 |       |     1 ||     2
       End Transformatio |       |       |     1 |     2 ||     3
  Use: Potion            |     4 |     5 |     3 |     1 ||    13
       Scroll            |       |     2 |    12 |     9 ||    23
 Stab: Sleeping          |     1 |     2 |     2 |       ||     5
       Invisible         |       |     5 |       |       ||     5
       Distracted        |       |       |       |     1 ||     1
  Eat: Chunk             |     3 |    10 |    15 |    17 ||    45
       Royal jelly       |       |       |     1 |       ||     1
Armor: Robe              |    28 |    78 |    70 |    83 ||   259
       Skin              |       |       |     6 |    20 ||    26
       Ring mail         |       |       |     1 |       ||     1
Dodge: Dodged            |   111 |   160 |   192 |   425 ||   888
